 Dungeon Crawl Stone Soup version 0.19.3-4-gbf9329e (webtiles) character file.

147 theAP the Cudgeler (level 5, 0/43 HPs)
             Began as a Formicid Fighter on Jan 29, 2017.
             Slain by a worker ant (2 damage)
             ... on level 4 of the Dungeon.
             The game lasted 00:04:25 (2639 turns).

theAP the Cudgeler (Formicid Fighter)               Turns: 2639, Time: 00:04:25

Health: 0/43       AC:  6    Str: 22    XL:     5   Next: 54%
Magic:  5/5        EV:  8    Int:  7    God:
Gold:   145        SH:  9    Dex: 12    Spells: 0 memorised, 4 levels left

rFire  . . .     SeeInvis +     a - +0 flail
rCold  . . .     Gourm    .     b - +0 scale mail
rNeg   . . .     Faith    .     c - +0 shield
rPois  .         Spirit   .     (helmet unavailable)
rElec  .         Reflect  .     (no cloak)
rCorr  .         Harm     .     (no gloves)
MR     .....                    (no boots)
Stlth  ..........               (no amulet)
                                (no ring)
                                h - +2 ring of dexterity

@: lethally poisoned (0 -> -18), flying, starving
A: permanent stasis, dig shafts and tunnels, four strong arms, antennae 3
a: Dig, Shaft Self


You were on level 4 of the Dungeon.
You were starving.

You visited 1 branch of the dungeon, and saw 4 of its levels.

You collected 145 gold pieces.

Inventory:

Hand Weapons
 a - a +0 flail (weapon)
Armour
 b - a +0 scale mail (worn)
 c - a +0 shield (worn)
Jewellery
 h - a +2 ring of dexterity (left hand)
Scrolls
 d - a scroll of remove curse {unknown}
 e - 4 scrolls of identify
 m - a scroll of amnesia {unknown}
 n - a scroll of teleportation {unknown}
Potions
 j - a potion of invisibility
 o - a potion of degeneration {unknown}
Comestibles
 f - 4 bread rations
 g - 4 fruits
 i - 5 meat rations
 l - a royal jelly


   Skills:
 + Level 4.3 Fighting
 * Level 4.6 Maces & Flails
 - Level 3.2 Armour
 - Level 3.6 Shields


You had 4 spell levels left.
You didn't know any spells.

Dungeon Overview and Level Annotations

Branches:
Dungeon (4/15)
 Temple: D:4-7

Altars:
Nemelex Xobeh


Innate Abilities, Weirdness & Mutations

You are under a permanent stasis effect.
You can dig through walls and to a lower floor.
Your four strong arms can wield two-handed weapons with a shield.
You have a pair of large antennae on your head. (SInv)


Message History

You feel sick. The worker ant barely misses you.
You closely miss the worker ant.
The worker ant is severely wounded.
* * * LOW HITPOINT WARNING * * *
You feel sick. The worker ant bites you.
* * * LOW HITPOINT WARNING * * *
You block the worker ant's attack.
You closely miss the worker ant.
The worker ant is severely wounded.
* * * LOW HITPOINT WARNING * * *
You feel sick. The worker ant bites you.
* * * LOW HITPOINT WARNING * * *
You are more poisoned.
The worker ant poisons you!
It was a potion of flight.
You feel very buoyant.
You fly up into the air.
* * * LOW HITPOINT WARNING * * *
You feel sick. The worker ant bites you.
You die...

####. ..... #
...# ##. #..#
#...##..#
........#
......a.#######.#
#@........#
#....##### #..###
##..# ...##..>#
........###
..........######
........#..#...#
......####..####


You could see a worker ant.

Vanquished Creatures
  Robin (D:3)
  5 adders
  2 oozes
  4 worms
  A dart slug (D:2)
  A leopard gecko (D:2)
  3 orcs
  2 ball pythons
  10 goblins
  9 hobgoblins
  A jackal (D:2)
  8 kobolds
  9 bats
  6 frilled lizards
  6 rats
68 creatures vanquished.

Notes
Turn   | Place    | Note
-------+----------+-------------------------------------------
     0 | D:1      | theAP the Formicid Fighter began the quest for the Orb.
     0 | D:1      | Reached XP level 1. HP: 18/18 MP: 1/1
    57 | D:1      | Reached XP level 2. HP: 22/24 MP: 2/2
   636 | D:1      | Reached XP level 3. HP: 13/29 MP: 3/3
  1041 | D:2      | Reached XP level 4. HP: 30/37 MP: 4/4
  1236 | D:2      | You fall through a shaft!
  1862 | D:3      | Reached XP level 5. HP: 42/42 MP: 5/5
  2006 | D:3      | Noticed Robin
  2030 | D:3      | Killed Robin
  2050 | D:3      | Found a sparkling altar of Nemelex Xobeh.
  2639 | D:4      | HP: 2/43 [poisoned by a worker ant]
  2639 | D:4      | Slain by a worker ant

Skill      XL: |  1  2  3  4 |
---------------+-------------+-----
Maces & Flails | 3 4 |  4.6
Fighting       | 4 |  4.3
Armour         | |  3.2
Shields        | |  3.6

Action                   |  1- 3 |  4- 6 || total
-------------------------+-------+-------++-------
Melee: Flail             |    99 |   153 ||   252
  Use: Scroll            |     3 |       ||     3
       Potion            |       |     2 ||     2
  Eat: Chunk             |       |     4 ||     4
Armor: Scale mail        |    47 |    56 ||   103
Dodge: Dodged            |    29 |    49 ||    78
Block: Shield            |    54 |    85 ||   139
